 Dungeon Sprint DCSS version 0.28-a0-697-g47f3eba078 (webtiles) character file.

Game seed: 17824048833490757728

2066 mhtbhm the Deadly Accurate (level 9, -20/68 HPs)
             Began as a Human Hunter on Oct 24, 2021.
             Was a Priest of Okawaru.
             Demolished by a skeletal warrior (21 damage)
             ... in the Dungeon (Sprint IX: "|||||||||||||||||||||||||||||").
             The game lasted 00:02:20 (736 turns).

mhtbhm the Deadly Accurate (Human Hunter)            Turns: 736, Time: 00:02:20

Health: -20/68     AC:  9    Str: 16    XL:     9   Next: 50%
Magic:  3/3        EV: 15    Int: 11    God:    Okawaru [***...]
Gold:   0          SH:  0    Dex: 14    Spells: 8/8 levels left

rFire   . . .      SeeInvis .   a - +2 scimitar (antimagic)
rCold   . . .      Faith    .   (no shield)
rNeg    . . .      Spirit   .   b - +0 steam dragon scales
rPois   .          Reflect  .   m - +0 helmet
rElec   .          Harm     .   (no cloak)
rCorr   .          Rampage  .   l - +0 pair of gloves
Will    .....      NoTele   +   (no boots)
Stlth   ++........              (no amulet)
HPRegen 0.21/turn               (no ring)
MPRegen 0.08/turn               (no ring)

@: no status effects
A: no striking features
a: Renounce Religion, Heroism


You were in the Dungeon.
You worshipped Okawaru.
Okawaru was most pleased with you.
You visited 1 branch

Inventory:

Hand Weapons
 a - a +2 antimagic scimitar (weapon)
Missiles
 c - 4 poisoned darts (quivered)
 p - a curare-tipped dart
Armour
 b - +0 steam dragon scales (worn)
 l - a +0 pair of gloves (worn)
 m - a +0 helmet (worn)
Jewellery
 n - a +3 ring of strength
 o - a +2 ring of protection
Wands
 k - a wand of acid (4)
Scrolls
 i - 2 scrolls of amnesia
 j - 2 scrolls of blinking
Potions
 e - a potion of invisibility
 f - 2 potions of heal wounds
 g - 2 potions of curing
 h - 4 potions of magic


   Skills:
 + Level 5.3 Fighting
 + Level 1.7 Long Blades
 + Level 17.2 Throwing
 + Level 6.4 Armour
 + Level 6.9 Dodging
 + Level 2.3 Stealth
 + Level 2.0 Evocations


You had 8 spell levels left.
You didn't know any spells.
Your spell library was empty.

Dungeon Overview and Level Annotations

Branches:
Dungeon (1/1)

Altars:
Cheibriados
Dithmenos
Elyvilon
Fedhas
Gozag
Hepliaklqana
Kikubaaqudgha
Makhleb
Nemelex Xobeh
Okawaru
Qazlal
Ru
Sif Muna
Trog
Uskayaw
Vehumet
Wu Jian
Xom
Yredelemnul
Zin
The Shining One
Beogh
Jiyva
Lugonu


Message History

The skeletal warrior hits you from afar with a +0 halberd!
Your Fighting skill increases to level 5!
Your Stealth skill increases to level 2!
You have reached level 9!
Your experience leads to an increase in your attributes!
Increase (S)trength, (I)ntelligence, or (D)exterity?
You feel stronger.
Unknown command.
Aiming: Corrosive Bolt
Press: ? - help, Shift-Dir - straight line, f/p - skeletal warrior
Aim: a skeletal warrior, wielding a +0 halberd (severely damaged, 71% to hit)
The bolt of acid misses the skeletal warrior.
The bolt of acid hits the four-headed hydra!!
You kill the four-headed hydra!
Okawaru is honoured by your kill. The skeletal warrior misses you.
Your Throwing skill increases to level 17!
Your Armour skill increases to level 6!
Your Evocations skill increases to level 2!
Unknown command.
Unknown command.
Press: ? - help, v - describe, . - travel
Here: a skeletal warrior, wielding a +0 halberd (severely damaged)
The floor.
Unknown command.
Aiming: Corrosive Bolt
Press: ? - help, Shift-Dir - straight line, f/p - skeletal warrior
Aim: a skeletal warrior, wielding a +0 halberd (severely damaged, 71% to hit)
The bolt of acid hits the skeletal warrior!
The acid corrodes the skeletal warrior!
The skeletal warrior is severely damaged.
The skeletal warrior barely misses you.
The skeletal warrior hits you with a +0 halberd!!
* * * LOW HITPOINT WARNING * * *
There is an open door, spattered with blood here.
You barely miss the skeletal warrior.
The skeletal warrior is severely damaged.
The skeletal warrior hits you but does no damage.
The skeletal warrior hits you with a +0 halberd!!
You die... ▓▓▓▓▓▓▓▓▓▓▓▓▓▓▓▓▓▓▓▓▓▓▓▓ +((..†z@.)[..))..[...).. ▓▓▓▓▓▓▓▓▓▓▓▓▓▓▓▓▓▓▓▓▓▓▓▓

You could see a skeletal warrior (corroded).

Vanquished Creatures
  A hydra (D)
  A cyclops (D)
  A tengu conjurer (D)
  A basilisk (D)
  A steam dragon (D)
  A water moccasin (D)
  An acid dragon (D)
  A centaur (D)
  2 kobold brigands (D)
  A scorpion (D)
  A killer bee (D)
  A howler monkey (D)
  A hound (D)
  An orc wizard (D)
  A shadow imp (D)
  2 ball pythons (D)
  A hobgoblin (D)
  A kobold (D)
  A quokka (D)
21 creatures vanquished.

Notes
Turn   | Place    | Note
-------+----------+-------------------------------------------
     0 | D        | mhtbhm the Human Hunter began the quest for the Orb.
     0 | D        | Reached XP level 1. HP: 16/16 MP: 1/1
     8 | D        | Reached skill level 5 in Throwing
    11 | D        | Reached XP level 2. HP: 15/22 MP: 2/2
   100 | D        | Noticed a scorpion
   100 | D        | Noticed a howler monkey
   100 | D        | Noticed a water moccasin
   109 | D        | Killed a howler monkey
   110 | D        | Reached skill level 7 in Throwing
   110 | D        | Reached XP level 3. HP: 16/28 MP: 3/3
   110 | D        | Reached XP level 4. HP: 20/34 MP: 4/4
   119 | D        | Killed a water moccasin
   120 | D        | Reached skill level 10 in Throwing
   120 | D        | Reached XP level 5. HP: 17/41 MP: 5/5
   121 | D        | Reached skill level 11 in Throwing
   121 | D        | Reached XP level 6. HP: 20/48 MP: 6/6
   388 | D        | Found a snail-covered altar of Cheibriados.
   388 | D        | Found a shadowy altar of Dithmenos.
   388 | D        | Found a white marble altar of Elyvilon.
   388 | D        | Found a blossoming altar of Fedhas.
   388 | D        | Found an opulent altar of Gozag.
   389 | D        | Found a hazy altar of Hepliaklqana.
   390 | D        | Found a viscous altar of Jiyva.
   391 | D        | Found an ancient bone altar of Kikubaaqudgha.
   392 | D        | Found a corrupted altar of Lugonu.
   393 | D        | Found a burning altar of Makhleb.
   394 | D        | Found a sparkling altar of Nemelex Xobeh.
   395 | D        | Found an iron altar of Okawaru.
   396 | D        | Found a stormy altar of Qazlal.
   397 | D        | Found a sacrificial altar of Ru.
   398 | D        | Found a shimmering blue altar of Sif Muna.
   399 | D        | Found a bloodstained altar of Trog.
   400 | D        | Found a hide-covered altar of Uskayaw.
   401 | D        | Found a radiant altar of Vehumet.
   402 | D        | Found an ornate altar of the Wu Jian Council.
   403 | D        | Became a worshipper of Warmaster Okawaru
   404 | D        | Found a shimmering altar of Xom.
   405 | D        | Found a basalt altar of Yredelemnul.
   406 | D        | Found a glowing silver altar of Zin.
   407 | D        | Found a glowing golden altar of the Shining One.
   415 | D        | Found the +13 scythe of Curses {drain, Drain}
   449 | D        | Noticed a steam dragon
   449 | D        | Noticed an acid dragon
   452 | D        | Killed a steam dragon
   453 | D        | Reached skill level 12 in Throwing
   453 | D        | Reached XP level 7. HP: 32/54 MP: 2/7
   453 | D        | Killed an acid dragon
   453 | D        | Reached * piety under Okawaru
   454 | D        | Reached skill level 14 in Throwing
   454 | D        | Reached skill level 5 in Dodging
   466 | D        | Reached XP level 8. HP: 9/61 MP: 2/8
   723 | D        | Noticed a cyclops
   723 | D        | Noticed a four-headed hydra
   723 | D        | Noticed a basilisk
   723 | D        | Noticed a skeletal warrior
   723 | D        | Noticed a tengu conjurer
   726 | D        | Killed a cyclops
   726 | D        | Reached ** piety under Okawaru
   727 | D        | Reached skill level 1 in Long Blades
   727 | D        | Reached skill level 15 in Throwing
   727 | D        | Reached skill level 5 in Armour
   728 | D        | Killed a tengu conjurer
   729 | D        | Reached skill level 16 in Throwing
   729 | D        | Reached skill level 1 in Evocations
   732 | D        | Killed a basilisk
   732 | D        | Reached *** piety under Okawaru
   733 | D        | Reached skill level 5 in Fighting
   733 | D        | Reached XP level 9. HP: 27/68 MP: 3/9
   733 | D        | Killed a four-headed hydra
   734 | D        | Reached skill level 17 in Throwing
   735 | D        | HP: 1/68 [skeletal warrior (27)]
   736 | D        | Demolished by a skeletal warrior

Illustrated notes

Levels and vault maps discovered:
D:        linesprint [early_d, line_temple, items_1, d_10, items_2, lair_1,
          lair_end, items_3, orc_1, orc_end, items_4, d_15, swamp_1, shoals_1,
          snake_1, spider_1, d_20, vaults_1, items_5, swamp_end, shoals_end,
          snake_end, spider_end, vaults_end, d_27, items_6, zot_1, zot_end,
          crypt_end, forest_end, elf_end, slime_end, tomb_end, abyss_end,
          pan_hell_end]

Skill      XL: |  1  2  3  4  5  6  7  8  9 |
---------------+----------------------------+-----
Throwing       | 5 7 10 11 12 14 16 17 | 17.2
Fighting       | 3 4 5 |  5.3
Armour         | 2 3 4 5 6 |  6.4
Dodging        | 3 4 5 6 |  6.9
Long Blades    | 1 |  1.7
Evocations     | 1 2 |  2.0
Stealth        | 2 |  2.3

Action                   |  1- 3 |  4- 6 |  7- 9 || total
-------------------------+-------+-------+-------++-------
Melee: Short sword       |     5 |     8 |       ||    13
       Scimitar          |       |       |     5 ||     5
Throw: Javelin           |     5 |     5 |     9 ||    19
       Throwing net      |       |     1 |     1 ||     2
       Dart              |       |       |     1 ||     1
Evoke: Wand              |       |       |     6 ||     6
  Use: Potion            |     1 |     2 |     3 ||     6
Armor: Leather armour    |       |     2 |       ||     2
       Steam dragon scal |       |       |     4 ||     4
Dodge: Dodged            |     7 |     5 |    14 ||    26

Table legend: (Time is in decaauts)
 A = Elapsed time spent in this place.
 B = Non-inter-level travel time spent in this place.
 C = Inter-level travel time spent in this place.
 D = Time resting spent in this place.
 E = Time spent auto-exploring this place.
 F = Levels seen in this place.
 G = Mean time per level.
                   A        B        C        D        E       F      G
               +--------+--------+--------+--------+--------+-----+--------+
         Total |    729 |    729 |      0 |    542 |      3 |   1 |  729.0 |
       Dungeon |    729 |    729 |      0 |    542 |      3 |   1 |  729.0 |
               +--------+--------+--------+--------+--------+-----+--------+

Top non-repeatable levels by time:
       D: 729 daAuts
